[Event "Early-Titled-Tuesday-Blitz-May-28-2024"]
[Site "Chess.com"]
[Date "2024.05.28"]
[Round "6"]
[White "knightinshiningarmour16"]
[Black "ailime26"]
[Result "1-0"]
[WhiteElo "2353"]
[BlackElo "2128"]
[TimeControl "180+1"]
[EndTime "9:09:10 PDT"]
[Termination "knightinshiningarmour16 won on time"]

1. e4 c5 2. Nf3 d6 3. d4 cxd4 4.
Nxd4 Nf6 5. Nc3 a6 6. Be3 b5 7. a3 e5 8. Nb3 Bb7 9. f3 Be7 10.
Be2 Nbd7 11. O-O O-O 12. Qd2 Nb6 13. a4 b4 14. Na2 a5 15. Nac1 Bc6 16. Kh1 Nxa4 17.
c3 bxc3 18. bxc3 Qc7 19. c4 Rfb8 20. Rd1 Qb7 21. Nxa5 Qc7 22. Nxc6 Qxc6 23. Nd3 Nb6 24. Nb4 Qc8 25. Rxa8 Nxa8 26. Nd5 Nxd5 27. cxd5 Nb6 28.
Rc1 Qd7 29. Rb1 Bd8 30. Qa2 h6 31. Bb5 Qc8 32. Bc6 Qc7 33. h3 Nc8 34. Rxb8 Qxb8 35.
Qa6 Ne7 36. Ba4 Nc8 37. Qc6 Ne7 38. Qd7 Kh7 39. Qe8 Kg6 40. Bf2 Qc7 41. Kh2 Nc8 42. Bg3 Qe7 43. Qxe7 Bxe7 44. Bd7 Nb6 45. Bc6 Nc4 46.
Bf2 Kh7 47. Kg1 Kg8 48. Be1 Kf8 49. Kf2 Nb6 50. Ba5 Nc4 51. Bc7 Nb2 52. Ke3 Nc4+ 53. Kd3 Nb2+ 54. Kc2 Nc4 55. Kd3 Nb2+ 56. Kd2 Nc4+ 57.
Ke2 Nb2 58. Bb5 Bg5 59. Ba5 Bc1 60. Bc3 Ke7 61. Bd2 Bxd2 62. Kxd2 f5 63. Kc2 1-0

[Event "Early-Titled-Tuesday-Blitz-May-28-2024"]
[Site "Chess.com"]
[Date "2024.05.28"]
[Round "6"]
[White "TigrVShlyape"]
[Black "monomita"]
[Result "1-0"]
[WhiteElo "2915"]
[BlackElo "2738"]
[TimeControl "180+1"]
[EndTime "9:09:13 PDT"]
[Termination "TigrVShlyape won by resignation"]

1. e4 e6 2. d4 d5 3. Nc3 Bb4 4.
e5 c5 5. a3 Bxc3+ 6. bxc3 Qc7 7. Qg4 Ne7 8. Bd3 c4 9. Be2 Qa5 10. Bd2 Nf5 11. Nh3 Qa4 12. Ra2 Nc6 13. O-O Bd7 14.
Nf4 O-O-O 15. Nh5 Rdg8 16. Qf4 Be8 17. g4 Nfe7 18. Kh1 Qa5 19. Rg1 Qc7 20. Rb2 Ng6 21.
Qe3 Qe7 22. Bc1 f6 23. f4 fxe5 24. dxe5 Nh4 25. Ng3 g5 26. Rb1 gxf4 27. Qxf4 Ng6 28. Qf6 Ngxe5 29. Qxe7 Nxe7 30. h3 Bg6 31. Rb2 Rf8 32.
Bh6 Rf7 33. Kg2 N7c6 34. Re1 Rg8 35. Bd1 Re7 36. Rb1 Nf7 37. Bd2 Nd6 38. Rc1 e5 39. Bf3 Bf7 40. Kh2 Nb5 41. a4 Nc7 42. Nf5 Rd7 43. Be3 Be6 44. Ng3 d4 45. Bg1 Bd5 46. Be4 dxc3 47. Bf5 Be6 48. Be4 Nd4 49. Re3 Rf8 50.
Rxc3 Bd5 51. Bxd5 Rxd5 52. Rxc4 Nf3+ 53. Kh1 Kb8 54. Rf1 Rdd8 55. Rc3 Nxg1 56. Rxf8 Rxf8 57. Kxg1 Rf4 58. a5 Nd5 59. Rc5 Ne3 60. Rxe5 Rf3 61. Nf5 Nxc2 62. Kg2 Ra3 63. g5 b6 64. axb6 axb6 65. h4 Rb3 66. h5 Rb4 67. Kf3 Nd4+ 68. Nxd4 Rxd4 69. g6 hxg6 70. hxg6 Rd8 71. Re7 b5 72.
Kf4 b4 73. Re4 Kc7 74. Rxb4 Rd1 75. Kg5 Kd6 76. Re4 Rf1 77. g7 Rg1+ 78. Rg4 1-0

[Event "Early-Titled-Tuesday-Blitz-May-28-2024"]
[Site "Chess.com"]
[Date "2024.05.28"]
[Round "6"]
[White "Polish_fighter3000"]
[Black "francyIM"]
[Result "1/2-1/2"]
[WhiteElo "3099"]
[BlackElo "2820"]
[TimeControl "180+1"]
[EndTime "9:09:15 PDT"]
[Termination "Game drawn - insufficient material"]

1. Nc3 Nf6 2. e4 d5 3. e5 Nfd7 4. d4 e6 5. f4 c5 6. Nf3 Nc6 7. Be3 Be7 8. Qd2 O-O 9. a3 f6 10. exf6 Bxf6 11. dxc5 b6 12. Bb5 Bb7 13. cxb6 Nxb6 14.
Rd1 Na5 15. b3 Rc8 16. Ne2 Nc6 17. O-O Qd6 18. a4 Nd7 19. Bxc6 Qxc6 20. Ned4 Qd6 21.
Nb5 Qe7 22. Nxa7 Ra8 23. Nb5 Ba6 24. Nfd4 Rfc8 25. Rfe1 Nc5 26. Qe2 Ne4 27. c4 dxc4 28.
bxc4 Nc5 29. Bf2 Nxa4 30. Rc1 Nb6 31. Qxe6+ Qxe6 32. Nxe6 Bxb5 33. cxb5 Rxc1 34. Rxc1 Nd5 35. g4 Nc3 36. Rxc3 Bxc3 37. Kg2 Rb8 38. b6 Ba5 39.
Bd4 g6 40. Kf3 Bxb6 41. Be5 Rc8 42. h4 Rc4 43. g5 Kf7 44. f5 gxf5 45. Nf4 Bd4 46.
Bxd4 Rxd4 47. h5 Re4 48. Kg3 Re3+ 49. Kf2 Ra3 50. Kg2 Ke7 51. Kf2 Kd6 52. g6 hxg6 53.
hxg6 Ke7 54. Nh5 Ra4 55. Kf3 Rg4 56. g7 Kf7 57. Ng3 Ke6 58. Nh5 Ke5 59. Ke3 Ke6 60. Kf3 Rg5 61. Kf4 Rg6 62. Ng3 Rxg7 63. Ne2 Rg4+ 64.
Kf3 Ke5 65. Nc1 Rd4 66. Ke3 f4+ 67. Kf3 Rd1 68. Ne2 Rd3+ 69. Kg4 Ke4 70. Nxf4 Rd8 71.
Nh5 Rg8+ 72. Kh4 Kf5 73. Ng3+ Kf4 74. Nh5+ Kf3 75. Kh3 Rg5 76. Kh4 Rg4+ 77. Kh3 Rc4 78. Nf6 Rc6 79. Nh5 Rh6 80. Kh4 Rg6 81. Kh3 Rg1 82. Kh4 Rh1+ 83. Kg5 Rxh5+ 84. Kxh5 1/2-1/2

[Event "Early-Titled-Tuesday-Blitz-May-28-2024"]
[Site "Chess.com"]
[Date "2024.05.28"]
[Round "6"]
[White "tusplingher"]
[Black "C_K_G"]
[Result "1-0"]
[WhiteElo "2577"]
[BlackElo "2303"]
[TimeControl "180+1"]
[EndTime "9:09:15 PDT"]
[Termination "tusplingher won by checkmate"]

1. c4 e5 2. a3 a5 3. d3 Bc5 4.
Nc3 Nc6 5. Nf3 d6 6. g3 Nge7 7.
Bg2 Bg4 8. O-O Qd7 9. Ne4 Ba7 10. b4 axb4 11. axb4 Nxb4 12. Be3 Nbc6 13. Bxa7 Rxa7 14.
Rxa7 Nxa7 15. Qb1 b6 16. Qa1 Nac8 17. d4 Bxf3 18. Bxf3 exd4 19. Qxd4 O-O 20. Rd1 Ng6 21. h4 Qh3 22. Bg4 c5 23. Bxh3 cxd4 24. Bxc8 Rxc8 25. Nxd6 Rd8 26. Rxd4 Ne5 27. f4 Nc6 28. Rd5 Kf8 29.
Nb5 Re8 30. Kf2 Na5 31. Nd6 Rd8 32. e4 g6 33. Kf3 Rd7 34. Nb5 Re7 35. c5 bxc5 36.
Rxc5 Nb3 37. Rc8+ Kg7 38. e5 Nd2+ 39. Ke2 Nb3 40. Nd6 f6 41. Ne8+ Kf7 42. Nxf6 Nd4+ 43.
Kf2 h5 44. Ne4 Nf5 45. Nd6+ Nxd6 46. exd6 Rd7 47. Rc6 Ke6 48. Kf3 Ra7 49. d7+ Kxd7 50. Rxg6 Ra3+ 51. Kg2 Ra5 52. Rg5 Ra2+ 53. Kh3 Ke6 54.
Rxh5 Kf6 55. Rb5 Kg6 56. Kg4 Ra6 57. Re5 Kh6 58. f5 Ra4+ 59. Kh3 Kh5 60. f6+ Kg6 61.
f7 Kxf7 62. Rg5 Kf6 63. Rg4 Ra3 64. Rf4+ Kg6 65. Kg4 Ra5 66. Re4 Ra3 67. Re6+ Kg7 68. h5 Kh7 69. Kh4 Ra4+ 70. g4 Rb4 71. Rf6 Kg7 72.
Rf5 Kh7 73. Kg5 Kg7 74. h6+ Kh7 75. Kh5 Rb7 76. g5 Ra7 77. Re5 Rb7 78. g6+ Kg8 79. Re8# 1-0

[Event "Early-Titled-Tuesday-Blitz-May-28-2024"]
[Site "Chess.com"]
[Date "2024.05.28"]
[Round "6"]
[White "DominguezOnYoutube"]
[Black "HamedWafa4"]
[Result "1/2-1/2"]
[WhiteElo "2982"]
[BlackElo "2780"]
[TimeControl "180+1"]
[EndTime "9:09:24 PDT"]
[Termination "Game drawn by repetition"]

1. e4 e5 2. Nf3 Nc6 3. Bb5 a6 4. Ba4 Nf6 5. O-O Be7 6. d3 b5 7. Bb3 d6 8. c3 O-O 9. h3 h6 10. Re1 Re8 11. Nbd2 Bf8 12. Nf1 Ne7 13. Ng3 Ng6 14. d4 Bb7 15. Bc2 c5 16. d5 Nh7 17.
Be3 Be7 18. Nf5 Bf6 19. a4 Ng5 20. b3 Nxf3+ 21. Qxf3 Nh4 22. Nxh4 Bxh4 23. Bd3 Qd7 24. axb5 axb5 25. Qg4 Qxg4 26. hxg4 Reb8 27. Rxa8 Bxa8 28. Ra1 b4 29. cxb4 cxb4 30. Ra7 Kf8 31. g3 Be7 32. f4 f6 33. Kf2 Bb7 34. Kf3 Bc8 35. Bd2 Ke8 36. Bc4 Bd7 37. Ba6 Bd8 38. Be3 Bb6 39. Bxb6 Rxb6 40. Ra8+ Ke7 41. Bc4 Rb7 42. Rg8 Kf7 43. Ra8 Ke7 44. f5 Be8 45. Ke3 h5 46. gxh5 Bxh5 47. Rh8 Be8 48. Rh2 Ra7 49. Rc2 Ra3 50.
Rb2 Bh5 51. Rb1 Be8 52. Rc1 Ba4 53. Rb1 Be8 54. g4 Bd7 55. Kf3 Be8 56. Kg3 g5 57. Kf3 Ra2 58. Rh1 Ra3 59. Rh7+ Kf8 60. Rb7 Ra1 61.
Rxb4 Ke7 62. Rb7+ Kd8 63. Rb8+ Ke7 64. b4 Rb1 65. b5 Rc1 66. Be2 Rc3+ 67. Kf2 Rc2 68. Ke3 Rc3+ 69. Kd2 Rb3 70. b6 Rb2+ 71. Ke1 Rb1+ 72. Kf2 Rb2 73. b7 Bb5 74. Kg3 Bxe2 75.
Rh8 Rb3+ 76. Kf2 Rxb7 77. Rh7+ Kf8 78. Rxb7 Bxg4 79. Ke3 Ke8 80. Rb6 Ke7 81. Ra6 Bh3 82.
Ra7+ Ke8 83. Rh7 Bg4 84. Rh6 Ke7 85. Rh1 Ke8 86. Rb1 Ke7 87. Rb7+ Ke8 88. Kf2 Bd1 89. Ke3 Bg4 1/2-1/2

[Event "Early-Titled-Tuesday-Blitz-May-28-2024"]
[Site "Chess.com"]
[Date "2024.05.28"]
[Round "6"]
[White "vishwa_vijeta"]
[Black "Sippp"]
[Result "1-0"]
[WhiteElo "2631"]
[BlackElo "2787"]
[TimeControl "180+1"]
[EndTime "9:09:32 PDT"]
[Termination "vishwa_vijeta won on time"]

1. e4 c5 2. Nc3 Nc6 3. Bb5 Nd4 4. Nf3 Nxb5 5. Nxb5 a6 6. Nc3 d6 7. O-O Nf6 8. d4 cxd4 9. Qxd4 e5 10. Qa4+ b5 11. Qb3 Be6 12. Nd5 Nxe4 13. Rd1 Be7 14. Qd3 Bxd5 15. Qxd5 Nf6 16. Qc6+ Nd7 17. Nxe5 dxe5 18.
Rxd7 Qxd7 19. Qxa8+ Qd8 20. Qc6+ Qd7 21. Qa8+ Bd8 22. Be3 Qd6 23. Qc8 Qe6 24. Qxe6+ fxe6 25. Rd1 Bc7 26. Kf1 Rf8 27. Ke2 Rf7 28. Kd3 h5 29. Ke4 Bb8 30. b3 Rc7 31. Rd2 Rc6 32. Re2 Ke7 33.
f3 Kf6 34. h4 Bc7 35. g4 g6 36. Rg2 Kf7 37. Rd2 Ke8 38. Bg5 Ba5 39. Re2 Bc7 40.
Kd3 Kf7 41. c4 Rd6+ 42. Kc2 Rc6 43. Re4 Ke8 44. gxh5 gxh5 45. Bf6 Rc5 46. Bg5 Kd7 47. Be3 Rc6 48. c5 a5 49. a3 Ke8 50. b4 a4 51. Bd2 Kf7 52. Bc3 Kf6 53. Re2 Kf5 54.
Bd2 Bd8 55. Re4 Bf6 56. Be1 Rc7 57. Bg3 Rg7 58. Be1 Rg2+ 59. Kd3 Ra2 60. Bc3 Rxa3 61. c6 Bd8 62. Rxe5+ Kf4 63. Rxb5 Bf6 64. Rc5 Bd8 65. c7 Bxc7 66. Rxc7 Kxf3 67. Kc2 Ra2+ 68. Kb1 Rh2 69. b5 Rxh4 70. b6 Rh1+ 71. Ka2 Rg1 72. b7 Rg5 73.
b8=Q Rb5 74. Qxb5 1-0

[Event "Early-Titled-Tuesday-Blitz-May-28-2024"]
[Site "Chess.com"]
[Date "2024.05.28"]
[Round "6"]
[White "Slovineanu"]
[Black "NovakRatko"]
[Result "1/2-1/2"]
[WhiteElo "2536"]
[BlackElo "2381"]
[TimeControl "180+1"]
[EndTime "9:09:32 PDT"]
[Termination "Game drawn by repetition"]

1. d4 d5 2. Nf3 c5 3. e3 cxd4 4. Nxd4 e5 5. Nf3 Nc6 6. c4 d4 7. exd4 exd4 8. Bd3 Qe7+ 9. Qe2 Qxe2+ 10. Kxe2 Bg4 11. Re1 O-O-O 12. h3 Bxf3+ 13. Kxf3 Bd6 14. Bf4 f6 15. Nd2 Bxf4 16. Kxf4 Ne5 17. Bf5+ Kb8 18. Kg3 Ne7 19. Be4 h5 20. f4 h4+ 21. Kf2 N5g6 22. Kf3 Rhe8 23. b4 d3 24. Re3 f5 25.
Bxd3 Rd4 26. Nb3 Rxf4+ 27. Ke2 Rd8 28. Rd1 b5 29. cxb5 Rxb4 30. Bc2 Nf4+ 31. Kf3 Rxd1 32. Bxd1 Ned5 33. Re5 g6 34. Be2 Kc7 35. Bf1 Kd6 36. Re8 g5 37. Rf8 Ke5 38. Re8+ Ne6 39. Ra8 g4+ 40. hxg4 fxg4+ 41. Kf2 Rf4+ 42. Ke1 Ra4 43.
Nc1 Nef4 44. Re8+ Kd4 45. Ne2+ Nxe2 46. Bxe2 Kc5 47. Rg8 Ne3 48. Kd2 Nxg2 49. Rxg4 Rxg4 50. Bxg4 Nf4 51. Ke3 Nd5+ 52. Kf2 Kxb5 53. Kg2 Nf4+ 54.
Kf3 Nd3 55. Bf5 Ne5+ 56. Ke4 Nc4 57. Kf3 Nd6 58. Be6 Kc5 59. Kg4 Ne4 60. Kxh4 Kd6 61. Bg8 Kc5 62. Kh3 Kb4 63. Kg2 Nd2 64. Kf2 Ka3 65. Ke2 Ne4 66. Kd3 Nf6 67. Bf7 Nd7 68. Kc2 Ne5 69. Bg8 Nc6 70. Kb1 Nb4 71. Ka1 Nd3 72.
Kb1 Ne5 73. Bb3 a5 74. Bd5 Nd3 75. Bg8 Kb4 76. Bf7 Kc3 77. Bg8 Nb4 78. Bf7 a4 79.
Bg8 a3 80. Bf7 Kd2 81. Bg6 Nd5 82. Bh7 Nc3+ 83. Ka1 Kc1 84. Bg6 Nd5 85. Bh7 Nf4 86. Bf5 Nd5 87. Bh7 Nb4 88. Bg6 Nc6 89. Bh7 Ne5 90.
Bf5 Nf3 91. Bh7 Nd4 92. Bg6 Ne2 93. Bh7 Nc3 94. Bg6 Nb5 95. Bh7 Nd6 96. Bg6 Nb7 97. Bh7 Nc5 98. Bf5 Na4 99. Bh7 Nc3 1/2-1/2

[Event "Early-Titled-Tuesday-Blitz-May-28-2024"]
[Site "Chess.com"]
[Date "2024.05.28"]
[Round "6"]
[White "Keithonsky"]
[Black "NastyaHn"]
[Result "1-0"]
[WhiteElo "2640"]
[BlackElo "2482"]
[TimeControl "180+1"]
[EndTime "9:09:42 PDT"]
[Termination "Keithonsky won by checkmate"]

1. d4 d5 2. c4 e6 3. Nf3 Nf6 4. g3 Be7 5. Bg2 O-O 6. O-O dxc4 7. Ne5 Nc6 8. Bxc6 bxc6 9. Nxc6 Qe8 10. Nxe7+ Qxe7 11.
Qa4 c5 12. Qa3 Bb7 13. Qxc5 Qxc5 14. dxc5 Rac8 15. Be3 Ne4 16. Rc1 Ba6 17. Na3 c3 18. bxc3 Bxe2 19. Nc2 Nxc5 20. Bxc5 Rxc5 21. Nd4 Bc4 22.
a4 Rfc8 23. Rab1 g6 24. Rb7 a6 25. Ra7 e5 26. Nf3 f6 27. Nd2 Bd3 28. c4 Ra5 29.
Rc3 Bf5 30. g4 Bxg4 31. Ne4 Rf8 32. c5 Rxa4 33. Nd6 e4 34. h3 Bf3 35. c6 Ra1+ 36. Kh2 h5 37. h4 g5 38. Rxf3 exf3 39. c7 Rc1 40. Kg3 g4 41. Kf4 a5 42. Nf5 Rc4+ 43.
Kg3 a4 44. Ne7+ Kf7 45. c8=Q Rfxc8 46. Nxc8+ Kg6 47. Nb6 Rb4 48. Nxa4 Rb1 49. Nc3 Rg1+ 50. Kf4 Rh1 51. Ne4 Rxh4 52. Ng3 Rh2 53. Nf5 h4 54.
Rg7+ Kh5 55. Rh7+ Kg6 56. Rxh4 Rxf2 57. Rxg4+ Kf7 58. Rg7+ Kf8 59. Ra7 Rf1 60. Ra8+ Kf7 61. Ne3 Re1 62. Ra7+ Kg6 63. Kxf3 f5 64. Ra6+ Kg5 65.
Ra5 Kg6 66. Ng2 Rf1+ 67. Kg3 Rb1 68. Nh4+ Kg5 69. Rxf5+ Kh6 70. Ra5 Rb3+ 71. Nf3 Rb4 72. Rd5 Kg6 73. Nd4 Rc4 74. Kf4 Rc1 75. Ke5 Re1+ 76.
Kd6 Re3 77. Nf5 Re1 78. Ne7+ Kf7 79. Nc6 Kf6 80. Rd2 Re3 81. Rf2+ Kg5 82. Ne5 Re1 83.
Ke6 Re3 84. Rf5+ Kh4 85. Kf6 Kg3 86. Rf1 Kg2 87. Rf5 Re2 88. Ng6 Rf2 89. Nf4+ Kg3 90. Ke5 Rf3 91. Rg5+ Kf2 92. Rg2+ Ke3 93. Re2# 1-0

[Event "Early-Titled-Tuesday-Blitz-May-28-2024"]
[Site "Chess.com"]
[Date "2024.05.28"]
[Round "6"]
[White "emeli_chess"]
[Black "TatjanaVasilevich"]
[Result "1/2-1/2"]
[WhiteElo "2430"]
[BlackElo "2586"]
[TimeControl "180+1"]
[EndTime "9:10:43 PDT"]
[Termination "Game drawn by repetition"]

1. d4 Nf6 2. c4 e5 3. dxe5 Ng4 4.
Bf4 Nc6 5. Nf3 Qe7 6. Nc3 Ncxe5 7.
Nxe5 Nxe5 8. e3 c6 9. Be2 Qe6 10. b3 Bb4 11. Rc1 Ng6 12. Bg3 O-O 13. O-O Rd8 14.
Qd4 d6 15. Rfd1 f5 16. Bh5 Ba3 17. Rc2 Bd7 18. Rcd2 Be8 19. Ne2 Ne5 20. Bxe8 Rxe8 21. Nf4 Qf7 22. Nd3 Nxd3 23. Rxd3 Re6 24. Qc3 a5 25. Bxd6 Bxd6 26. Rxd6 h5 27. Rd7 Re7 28.
Rd8+ Re8 29. R8d4 a4 30. b4 Kh7 31. h4 Re7 32. a3 Rae8 33. Rd6 Re4 34. R6d4 Qg6 35. g3 R8e7 36. Rxe4 fxe4 37. c5 Qf5 38. Rd6 Rf7 39. Qd2 Qe5 40. Qd4 Qf5 41. Qd2 Qe5 42.
Rd4 Re7 43. Kg2 Qf5 44. Qe2 Rf7 45. Rd2 g6 46. Qc4 Kg7 47. Qd4+ Kh7 48. Qd8 Kg7 49. Qg5 Qe6 50. Rd6 Qf5 51. Qxf5 gxf5 52. Kf1 Re7 53. Ke2 Rf7 54. Kd2 Re7 55. Kc3 Re5 56. Kd4 Re7 57. Rd8 Kf6 58. Rh8 Rd7+ 59. Kc4 Rd3 60. Rxh5 Rxa3 61. Rh7 Ra2 62. Rxb7 Rc2+ 63.
Kd4 Rxf2 64. Ra7 Rd2+ 65. Kc4 Rc2+ 66. Kd4 Rd2+ 67. Kc3 Rd3+ 68. Kc4 a3 69. b5 cxb5+ 70. Kxb5 Rxe3 71. c6 Rxg3 72. c7 Rc3 73. Ra6+ Ke7 74. Rc6 Rxc6 75. Kxc6 a2 76. c8=Q a1=Q 77. Qxf5 Qc3+ 78.
Kd5 e3 79. Qg5+ Kd7 80. Qf5+ Kc7 81. Qf7+ Kb6 82. Qe6+ Kb5 83. Qd7+ Kb4 84. Qb7+ Ka3 85. Qa6+ Kb2 86. Ke4 Kc2 87. Qe2+ Kb1 88. Qxe3 Qc6+ 89. Kf4 Qd6+ 90. Kf3 Qf6+ 91. Ke2 Qb2+ 92. Qd2 Qf6 93. Qe3 Qxh4 94. Qd3+ Kb2 95. Qd2+ Kb3 96. Qd3+ Kb4 97. Qd2+ Kc5 98. Qe3+ Kd5 99. Qf3+ Kd6 100. Qd3+ Ke7 101. Qe3+ Kd7 102. Qd3+ Kc6 103. Qc3+ Kb5 104. Qd3+ Kb4 105. Qd2+ Kb3 106. Qe3+ Kc2 107. Qd3+ Kc1 108. Qd2+ Kb1 109. Qd3+ Kb2 110. Qd2+ Kb3 1/2-1/2

[Event "Early-Titled-Tuesday-Blitz-May-28-2024"]
[Site "Chess.com"]
[Date "2024.05.28"]
[Round "7"]
[White "UK_23"]
[Black "Herzog2012"]
[Result "0-1"]
[WhiteElo "2407"]
[BlackElo "2582"]
[TimeControl "180+1"]
[EndTime "9:13:19 PDT"]
[Termination "Herzog2012 won by resignation"]

1. e4 c5 2. Nf3 d6 3. d4 cxd4 4.
Nxd4 Nf6 5. Nc3 Nc6 6. Be2 e5 7. Nf3 h6 8. h3 Be7 9. Be3 O-O 10. O-O Be6 11. Qd2 d5 12. exd5 Nxd5 13. Nxd5 Qxd5 14. Rfd1 Qxd2 15. Rxd2 Rfd8 16. Rad1 f6 17. a3 Kf7 18. Nh4 f5 19. f4 Bxh4 0-1

[Event "Early-Titled-Tuesday-Blitz-May-28-2024"]
[Site "Chess.com"]
[Date "2024.05.28"]
[Round "7"]
[White "toninhojit"]
[Black "ThetNaung291"]
[Result "1-0"]
[WhiteElo "2527"]
[BlackElo "2345"]
[TimeControl "180+1"]
[EndTime "9:13:32 PDT"]
[Termination "toninhojit won by resignation"]

1. e4 c5 2. Nf3 d6 3. d4 cxd4 4. Nxd4 Nf6 5. Nc3 a6 6. Bg5 Nbd7 7. Bc4 Qc7 8. Bb3 h6 9. Bh4 g5 10. Bg3 Nc5 11. Qe2 Nxb3 12. axb3 Bg7 13. e5 dxe5 14. Bxe5 Qb6 15. O-O-O Bg4 16. f3 Bf5 17. Nxf5 1-0

[Event "Early-Titled-Tuesday-Blitz-May-28-2024"]
[Site "Chess.com"]
[Date "2024.05.28"]
[Round "7"]
[White "dropstoneDP"]
[Black "Kildepiotr"]
[Result "1-0"]
[WhiteElo "2973"]
[BlackElo "2743"]
[TimeControl "180+1"]
[EndTime "9:13:36 PDT"]
[Termination "dropstoneDP won by resignation"]

1. e4 c6 2. Nc3 d5 3. Nf3 Bg4 4. h3 Bxf3 5. Qxf3 Nf6 6. d4 dxe4 7. Qe3 Nbd7 8. Nxe4 Nxe4 9. Qxe4 Nf6 10. Qd3 e6 11. Be2 Be7 12. O-O O-O 13. Rd1 Qb6 14. Qb3 Rfd8 15.
c3 Qc7 16. g3 c5 17. Bf4 Qc6 18. Rac1 b6 19. Bf1 cxd4 20. Bg2 Qc8 21. cxd4 1-0

[Event "Early-Titled-Tuesday-Blitz-May-28-2024"]
[Site "Chess.com"]
[Date "2024.05.28"]
[Round "7"]
[White "KatakuriDono"]
[Black "HighLawView"]
[Result "1-0"]
[WhiteElo "2266"]
[BlackElo "2064"]
[TimeControl "180+1"]
[EndTime "9:13:36 PDT"]
[Termination "KatakuriDono won by resignation"]

1. d4 Nf6 2. Nf3 d6 3. Nbd2 g6 4.
e4 Bg7 5. Bd3 O-O 6. O-O c5 7.
c3 Qe8 8. Re1 e5 9. dxe5 dxe5 10. Nf1 Nh5 11. Ne3 Nf4 12. Bf1 f5 13. exf5 gxf5 14. Nd5 Na6 15. Nxf4 1-0

[Event "Early-Titled-Tuesday-Blitz-May-28-2024"]
[Site "Chess.com"]
[Date "2024.05.28"]
[Round "7"]
[White "Mikhail_Golubev"]
[Black "McCarthyStone"]
[Result "1-0"]
[WhiteElo "2636"]
[BlackElo "2454"]
[TimeControl "180+1"]
[EndTime "9:13:53 PDT"]
[Termination "Mikhail_Golubev won by resignation"]

1. e4 e5 2. Nf3 d6 3. d4 exd4 4. Qxd4 Nc6 5. Bb5 Ne7 6. Bg5 f6 7. Bf4 a6 8. Bxc6+ Nxc6 9. Qd2 Be6 10. Nc3 Qd7 11. O-O-O O-O-O 12. Nd5 Qf7 13. Kb1 Ne5 14. Bxe5 dxe5 15. Nb6+ Kb8 16. Qxd8+ Ka7 17. Nc8+ Ka8 18.
Nd6+ Ka7 19. Nxf7 Bxf7 20. Qxc7 1-0

[Event "Early-Titled-Tuesday-Blitz-May-28-2024"]
[Site "Chess.com"]
[Date "2024.05.28"]
[Round "7"]
[White "Resignify"]
[Black "ritanovikova"]
[Result "1-0"]
[WhiteElo "2312"]
[BlackElo "2174"]
[TimeControl "180+1"]
[EndTime "9:13:55 PDT"]
[Termination "Resignify won by resignation"]

1. e4 d5 2. exd5 Qxd5 3. Nc3 Qd6 4. d4 Nf6 5. g3 c6 6. Bf4 Qb4 7. a3 Qxb2 8. Na4 Qxa1 9. Qxa1 Bf5 10. Bd3 Be6 11. Ne2 Bd5 12. O-O Nh5 13. c4 Nxf4 14.
Nxf4 Bf3 15. Re1 e6 16. Qb1 c5 17. d5 b6 18. dxe6 fxe6 19. Be4 1-0

[Event "Early-Titled-Tuesday-Blitz-May-28-2024"]
[Site "Chess.com"]
[Date "2024.05.28"]
[Round "7"]
[White "1stSecond"]
[Black "vi_pranav"]
[Result "0-1"]
[WhiteElo "2924"]
[BlackElo "3050"]
[TimeControl "180+1"]
[EndTime "9:14:16 PDT"]
[Termination "vi_pranav won by resignation"]

1. d4 Nf6 2. Bg5 Ne4 3. h4 c5 4. Nd2 Nxd2 5. Bxd2 cxd4 6. c3 Nc6 7. cxd4 Nxd4 8. Nf3 Nxf3+ 9. exf3 e6 10. Bc3 d6 11. h5 h6 12. Qb3 a6 13. f4 b5 14. a4 Bd7 15. axb5 axb5 16. Bxb5 Rxa1+ 17. Kd2 Rxh1 18. Bxd7+ Qxd7 19. Qb8+ Ke7 20. b4 Rxh5 0-1

[Event "Early-Titled-Tuesday-Blitz-May-28-2024"]
[Site "Chess.com"]
[Date "2024.05.28"]
[Round "7"]
[White "littlepinkyboy"]
[Black "TheoSlade"]
[Result "1-0"]
[WhiteElo "2639"]
[BlackElo "2455"]
[TimeControl "180+1"]
[EndTime "9:14:23 PDT"]
[Termination "littlepinkyboy won by resignation"]

1. e4 e5 2. Nf3 Nc6 3. Bb5 g6 4. O-O Bg7 5. c3 a6 6. Ba4 Nge7 7. d4 exd4 8. cxd4 b5 9. Bb3 d5 10.
exd5 Nb4 11. Re1 O-O 12. Bg5 f6 13. d6+ Ned5 14. Bd2 c5 15. dxc5 a5 16. Bxb4 axb4 17. Bxd5+ Kh8 18. Bxa8 1-0

[Event "Early-Titled-Tuesday-Blitz-May-28-2024"]
[Site "Chess.com"]
[Date "2024.05.28"]
[Round "7"]
[White "enriquebutti"]
[Black "MdChess1734"]
[Result "0-1"]
[WhiteElo "2101"]
[BlackElo "2412"]
[TimeControl "180+1"]
[EndTime "9:14:43 PDT"]
[Termination "MdChess1734 won by resignation"]

1. e4 c6 2. d4 d5 3. exd5 cxd5 4. c4 Nf6 5. Nc3 g6 6. cxd5 Bg7 7. Qb3 O-O 8. Be2 Nbd7 9. Bf3 Nb6 10. Bf4 e6 11.
dxe6 Bxe6 12. Qd1 Nfd5 13. Be3 Nc4 14. Nxd5 Bxd5 15. b3 Nxe3 16. fxe3 Re8 17. Kf2 Bh6 0-1

[Event "Early-Titled-Tuesday-Blitz-May-28-2024"]
[Site "Chess.com"]
[Date "2024.05.28"]
[Round "7"]
[White "Kacparov"]
[Black "FairChess_on_YouTube"]
[Result "1/2-1/2"]
[WhiteElo "2949"]
[BlackElo "3094"]
[TimeControl "180+1"]
[EndTime "9:14:49 PDT"]
[Termination "Game drawn by repetition"]

1. e4 e5 2. Nf3 Nc6 3. Bc4 Bc5 4. c3 Nf6 5. d3 d6 6. Bb3 h6 7. h3 Bb6 8. Nbd2 Ne7 9. Nf1 Ng6 10. Ng3 O-O 11. O-O d5 12. d4 Nxe4 13. Nxe4 dxe4 14.
Nxe5 Nxe5 15. dxe5 Qh4 16. Be3 Bxe3 17. fxe3 Bxh3 18.
gxh3 Qg3+ 19. Kh1 Qxh3+ 20. Kg1 Qg3+ 21. Kh1 Qh3+ 22. Kg1 Qg3+ 23. Kh1 Qh3+ 1/2-1/2

[Event "Early-Titled-Tuesday-Blitz-May-28-2024"]
[Site "Chess.com"]
[Date "2024.05.28"]
[Round "7"]
[White "ImportedItalianMaple"]
[Black "knightinshiningarmour16"]
[Result "1-0"]
[WhiteElo "2528"]
[BlackElo "2347"]
[TimeControl "180+1"]
[EndTime "9:14:51 PDT"]
[Termination "ImportedItalianMaple won by checkmate"]

1. e4 c6 2. d4 d5 3. e5 Bf5 4. Nd2 e6 5. Nb3 Nd7 6. Nf3 h6 7. a4 c5 8. dxc5 Nxc5 9. Nxc5 Bxc5 10. Bb5+ Kf8 11. O-O a6 12. Bd3 Bxd3 13. Qxd3 Ne7 14. Nd4 Bxd4 15. Qxd4 Nc6 16. Qf4 Ke7 17. Be3 d4 18. Rfd1 g5 19. Qf6+ Kd7 20. Qxf7+ Qe7 21. Qxe7+ Kxe7 22. Bxd4 Rad8 23. Bc5+ Kf7 24. Bd6 Rd7 25.
Kf1 Rhd8 26. Ke2 Kg6 27. Rd3 Kf5 28. Rad1 b5 29. axb5 axb5 30. Rf3+ Kg4 31. Rdd3 Kh5 32. Rf6 b4 33. Rh3+ Kg4 34. f3# 1-0

[Event "Early-Titled-Tuesday-Blitz-May-28-2024"]
[Site "Chess.com"]
[Date "2024.05.28"]
[Round "7"]
[White "JanMur7"]
[Black "Fernando_Offermann"]
[Result "0-1"]
[WhiteElo "2276"]
[BlackElo "2481"]
[TimeControl "180+1"]
[EndTime "9:14:52 PDT"]
[Termination "Fernando_Offermann won by resignation"]

1. c4 g6 2. Nc3 Bg7 3. d4 Nf6 4.
e4 O-O 5. Be2 d6 6. Bg5 h6 7.
Be3 e5 8. d5 Na6 9. g4 Nc5 10.
f3 h5 11. g5 Nh7 12. h4 f6 13. gxf6 Bxf6 14. Bf2 a5 15. Qd2 Kh8 16. O-O-O a4 17. Nh3 Bxh4 18. Bxh4 Qxh4 19. Rdg1 Qf6 20. Qh6 Rg8 21. Nb5 Rg7 22. Ng5 Qf4+ 23. Kc2 Bd7 24. Nxh7 Qxh6 0-1

[Event "Early-Titled-Tuesday-Blitz-May-28-2024"]
[Site "Chess.com"]
[Date "2024.05.28"]
[Round "7"]
[White "DanielDardha2005"]
[Black "SmirnovAlexandrA"]
[Result "1-0"]
[WhiteElo "2872"]
[BlackElo "2643"]
[TimeControl "180+1"]
[EndTime "9:14:53 PDT"]
[Termination "DanielDardha2005 won by resignation"]

1. d4 Nf6 2. Bg5 c5 3. dxc5 Qa5+ 4. Qd2 Qxc5 5. Nc3 d6 6. e4 Nc6 7. Bxf6 gxf6 8. Nd5 Rb8 9. Nf3 Be6 10. b4 Nxb4 11.
Qxb4 Qxb4+ 12. Nxb4 a6 13. c4 f5 14. exf5 Bxf5 15. Bd3 Bg7 16. Rb1 Bc3+ 17. Ke2 Be6 18. Nxa6 Rc8 19. Rxb7 O-O 20. Nc7 Bd7 21. Nd5 Bc6 22.
Nxe7+ 1-0

[Event "Early-Titled-Tuesday-Blitz-May-28-2024"]
[Site "Chess.com"]
[Date "2024.05.28"]
[Round "7"]
[White "Root_21"]
[Black "AryanTari"]
[Result "0-1"]
[WhiteElo "2682"]
[BlackElo "3040"]
[TimeControl "180+1"]
[EndTime "9:14:55 PDT"]
[Termination "AryanTari won by resignation"]

1. e4 e5 2. Nf3 Nc6 3. Bb5 Nge7 4. O-O Ng6 5. c3 d5 6. d3 Be7 7. h3 O-O 8. Nbd2 Kh8 9. Re1 Be6 10. exd5 Bxd5 11. Bxc6 Bxc6 12. Nc4 f6 13. Na5 Bd5 14.
c4 Bb4 15. Bd2 Bxf3 16. gxf3 Bxd2 17. Qxd2 Qd7 0-1